 Dungeon Crawl Stone Soup version 0.28-a0-245-g639a1a48b9 (webtiles) character file.

Game seed: 14675011367586866141

125 PentaManta the Ruffian (level 5, 0/45 HPs)
             Began as a Ghoul Abyssal Knight on Aug 25, 2021.
             Was a Believer of Lugonu.
             Slain by an orc (1 damage)
             ... on level 3 of the Dungeon.
             The game lasted 00:03:16 (2023 turns).

PentaManta the Ruffian (Ghoul Abyssal Knight)       Turns: 2023, Time: 00:03:17

Health: 0/45       AC:  3    Str: 17    XL:     5   Next: 9%
Magic:  5/5        EV: 11    Int:  7    God:    Lugonu [**....]
Gold:   108        SH:  0    Dex:  8    Spells: 4/4 levels left

rFire   . . .      SeeInvis .     - Unarmed
rCold   + . .      Faith    .   (no shield)
rNeg    + + +      Spirit   .   a - +0 leather armour
rPois   ∞          Reflect  .   (no helmet)
rElec   .          Harm     .   (no cloak)
rCorr   .          Rampage  .   (no gloves)
Will    .....                   (no boots)
Stlth   +.........              b - amulet of regeneration
HPRegen 0.00/turn               (no ring)
MPRegen 0.09/turn               (no ring)

@: inhibited regen
A: claws 1, cold resistance 1, negative energy resistance 3, inhibited
regeneration, torment resistance 2
a: Renounce Religion, Depart the Abyss, Bend Space


You were on level 3 of the Dungeon.
You worshipped Lugonu.
Lugonu was pleased with you.
You visited 1 branch of the dungeon, and saw 3 of its levels.
You visited the Abyss 1 time.

You collected 108 gold pieces.

Inventory:

Missiles
 d - 2 boomerangs
 h - 11 poisoned darts
Armour
 a - a +0 leather armour (worn)
 g - a +0 plate armour
 p - a +0 pair of gloves
Jewellery
 b - an amulet of regeneration (around neck)
 j - an amulet of faith
 l - a ring of ice
Scrolls
 c - 2 scrolls of identify {unknown}
 e - 2 scrolls of amnesia {unknown}
 f - a scroll of immolation {unknown}
 i - a scroll of magic mapping {unknown}
 m - a scroll of enchant weapon {unknown}
 n - a scroll of acquirement {unknown}
Potions
 k - a potion of flight {unknown}
 o - 2 potions of might {unknown}


   Skills:
 - Level 3.2 Fighting
 - Level 1.7 Armour
 - Level 0.8 Dodging
 + Level 5.6 Unarmed Combat
 - Level 2.0 Invocations


You had 4 spell levels left.
You didn't know any spells.
Your spell library contained the following spells:

 Spells                   Type           Power      Damage    Failure   Level
 Sting                    Tmut/Pois      0%         1d3       50%         1
 Poisonous Vapours        Pois/Air       0%         N/A       63%         2
 Olgreb's Toxic Radiance  Pois           0%         N/A       99%         4


Dungeon Overview and Level Annotations

Branches:
Dungeon (3/15)

Altars:
Beogh


Innate Abilities, Weirdness & Mutations

You thrive by killing the living.
You are immune to poison.
You have sharp fingernails.
Your flesh is cold resistant. (rC+)
You are immune to negative energy. (rN+++)
You do not regenerate when monsters are visible.
You are immune to unholy pain and torment.


Message History

The orc wizard gestures at you while chanting.
You resist with some effort.
The orc priest hits you with a +0 flail!
You scratch the orc wizard but do no damage.
The orc wizard is severely wounded.
The orc closely misses you. The orc wizard barely misses you.
The orc priest barely misses you.
You claw the orc wizard!
You kill the orc wizard!
Lugonu accepts your kill.
You feel less confused. The orc hits you with a +0 club.
You have reached level 5!
You feel stronger.
You claw the orc priest!
The orc priest is heavily wounded.
The orc priest hits you with a +0 flail!
* * * LOW HITPOINT WARNING * * *
The orc hits you with a +0 club.
* * * LOW HITPOINT WARNING * * *
You scratch the orc priest.
The orc priest is almost dead.
The orc priest hits you but does no damage.
The orc barely misses you.
Unknown command.
You scratch the orc priest.
The orc priest is almost dead.
The orc priest hits you with a +0 flail.
* * * LOW HITPOINT WARNING * * *
Unknown command.
You completely miss the orc priest.
The orc priest is almost dead.
The orc hits you with a +0 club.
* * * LOW HITPOINT WARNING * * *
The orc priest closely misses you.
Unknown command.
You scratch the orc priest but do no damage.
The orc priest is almost dead.
The orc hits you with a +0 club.
You die...

...'......# #.#.#.#. .###......#
#.#.#.#. .# #......# #.#.#.#. ##
#......# #.#.#.#. #####.##
#.#.#.#. #.# #### #.#.#...
#.###.$$# #.#.###.
#.##$8$8o##########.#.....
#..#_.$.)@........#.#####.
###########$8.8o########.#.##....
..........##.$$##......#.#÷##.##.
...........#####.#####.#.#.##.##.
..#.........#..........#.#.......
#<#.#######.#.##.##....#.####.##.
..#.# #.#.#........#.........
###.# #.#.#...#.............#
....# #.#.#.††#............##


You could see an orc priest and an orc.

Vanquished Creatures
  An orc wizard (D:3)
  2 adders (D:2)
  2 dart slugs
  An orc (D:3)
  5 ball pythons
  10 bats
  8 endoplasms
  2 giant cockroaches
  9 goblins
  8 hobgoblins
  4 jackals (D:3)
  11 kobolds
  A quokka (D:3)
  3 frilled lizards
  A rat (D:1)
68 creatures vanquished.

Notes
Turn   | Place    | Note
-------+----------+-------------------------------------------
     0 | Abyss:1  | PentaManta the Ghoul Abyssal Knight began the quest for the
                  | Orb.
     0 | Abyss:1  | Reached XP level 1. HP: 19/19 MP: 1/1
    35 | Abyss:1  | Noticed a bone dragon
    45 | Abyss:1  | Noticed a large abomination
    47 | Abyss:1  | Noticed a quasit
    54 | D:1      | Escaped the Abyss
    75 | D:1      | Noticed a snapping turtle
    75 | D:1      | Noticed a swamp worm
    76 | D:1      | Noticed a black bear
    76 | D:1      | Noticed a salamander
   114 | D:1      | Reached XP level 2. HP: 22/26 MP: 2/2
   118 | D:1      | Reached skill level 3 in Unarmed Combat
   233 | D:1      | Reached * piety under Lugonu
   469 | D:1      | Reached XP level 3. HP: 31/31 MP: 3/3
   617 | D:2      | Reached skill level 4 in Unarmed Combat
   776 | D:2      | Reached XP level 4. HP: 32/38 MP: 4/4
  1129 | D:2      | Found a faded altar of an unknown god.
  1197 | D:3      | Reached ** piety under Lugonu
  1238 | D:3      | Reached skill level 5 in Unarmed Combat
  2019 | D:3      | Reached XP level 5. HP: 20/45 MP: 5/5
  2022 | D:3      | HP: 1/45 [orc (2)]
  2023 | D:3      | Slain by an orc

Illustrated notes

Levels and vault maps discovered:
D:1:      onia_arrival_zoo_common, layout_basic
D:2:      minmay_general_purpose_star, layout_rooms,
          hellmonk_ecumenical_altar_inner_sanctum,
          chequers_serial_rivers_micro_c, minmay_pentomino_v4
D:3:      layout_basic, kennysheep_orc_chapel

Skill      XL: |  1  2  3  4 |
---------------+-------------+-----
Unarmed Combat | 3 4 5 |  5.6
Fighting       | |  3.2
Armour         | |  1.7
Dodging        | |  0.8
Invocations    | |  2.0

Action                   |  1- 3 |  4- 6 || total
-------------------------+-------+-------++-------
Melee: Unarmed           |   104 |    85 ||   189
       Punch             |     2 |     1 ||     3
Invok: Depart the Abyss  |     1 |       ||     1
Armor: Leather armour    |    26 |    29 ||    55
Dodge: Dodged            |    64 |    48 ||   112

Table legend: (Time is in decaauts)
 A = Elapsed time spent in this place.
 B = Non-inter-level travel time spent in this place.
 C = Inter-level travel time spent in this place.
 D = Time resting spent in this place.
 E = Time spent auto-exploring this place.
 F = Levels seen in this place.
 G = Mean time per level.
                   A        B        C        D        E       F      G
               +--------+--------+--------+--------+--------+-----+--------+
         Total |   2009 |   1990 |     19 |      0 |   1532 |   4 |  502.2 |
       Dungeon |   1953 |   1934 |     19 |      0 |   1529 |   3 |  651.0 |
         Abyss |     56 |     56 |      0 |      0 |      3 |   1 |   56.0 |
               +--------+--------+--------+--------+--------+-----+--------+

Top non-repeatable levels by time:
     D:3: 837 daAuts
     D:2: 562 daAuts
     D:1: 552 daAuts
 Abyss:1: 56 daAuts
